 Dungeon Crawl Stone Soup version 0.23.2-1-ga50397a (webtiles) character file.

Game seed: 12777237046896293113

10869 esteth the Thaumaturge (level 11, 0/86 HPs)
             Began as a Gnoll Skald on Apr 22, 2019.
             Was an Elder of Makhleb.
             Slain by a black mamba (15 damage)
             ... on level 2 of the Lair of Beasts.
             The game lasted 00:29:23 (11651 turns).

esteth the Thaumaturge (Gnoll Skald)               Turns: 11651, Time: 00:29:23

Health: 0/86       AC: 10    Str: 13    XL:     11   Next: 68%
Magic:  18/23      EV: 17    Int: 19    God:    Makhleb [****..]
Gold:   565        SH:  0    Dex: 15    Spells: 13/26 levels left

rFire    . . .     SeeInvis .   c - +1 trident
rCold    . . .     Gourm    .   (no shield)
rNeg     . . .     Faith    .   b - +0 leather armour
rPois    +         Spirit   .   (no helmet)
rElec    .         Reflect  .   (no cloak)
rCorr    .         Harm     .   f - +2 pair of gloves
MR       .....                  E - +2 pair of boots
Stlth    ++++......             (no amulet)
HPRegen  1.24/turn              q - ring of stealth
MPRegen  0.18/turn              C - ring of poison resistance

@: lethally poisoned (0 -> 0), regenerating
A: distributed training, fangs 1, strong nose
a: Minor Destruction, Lesser Servant of Makhleb, Major Destruction, Renounce
Religion


You were on level 2 of the Lair of Beasts.
You worshipped Makhleb.
Makhleb was greatly pleased with you.
You were hungry.

You visited 2 branches of the dungeon, and saw 12 of its levels.

You collected 565 gold pieces.

Inventory:

Hand Weapons
 a - a +1 spear
 c - a +1 trident (weapon)
Armour
 b - a +0 leather armour (worn)
 f - a +2 pair of gloves (worn)
 E - a +2 pair of boots (worn)
Magical Staves
 L - an uncursed staff of conjuration
 N - an uncursed staff of wizardry
Jewellery
 q - a ring of stealth (left hand)
 y - an uncursed ring of see invisible
 C - a ring of poison resistance (right hand)
Wands
 r - a wand of digging (8)
 s - a wand of random effects (24)
 w - a wand of flame (15)
 B - a wand of polymorph (6)
 D - a wand of clouds (4)
 G - a wand of enslavement (10)
 J - a wand of acid (13)
 K - a wand of scattershot (6)
Scrolls
 g - 4 scrolls of identify
 h - 5 scrolls of remove curse
 i - a scroll of amnesia {unknown}
 o - 4 scrolls of teleportation
 p - a scroll of torment {unknown}
 A - a scroll of enchant weapon
 H - a scroll of blinking
 M - a scroll of magic mapping
 O - a scroll of fog
Potions
 e - a potion of brilliance {unknown}
 j - 3 potions of mutation {unknown}
 l - 3 potions of might {unknown}
 m - 2 potions of haste {unknown}
 n - 2 potions of flight {unknown}
 t - 2 potions of lignification {unknown}
 u - 4 potions of ambrosia {unknown}
 v - a potion of agility {unknown}
 x - 5 potions of curing
 z - a potion of berserk rage {unknown}
 F - 2 potions of experience {unknown}
 I - a potion of cancellation
Comestibles
 d - 16 rations


   Skills:
 + Level 8.0 Fighting
 + Level 6.4 Short Blades
 + Level 6.4 Long Blades
 + Level 6.4 Axes
 + Level 6.4 Maces & Flails
 + Level 8.0 Polearms
 + Level 6.4 Staves
 + Level 6.4 Slings
 + Level 6.4 Bows
 + Level 6.4 Crossbows
 + Level 6.4 Throwing
 + Level 7.0 Armour
 + Level 8.0 Dodging
 + Level 6.4 Stealth
 + Level 6.4 Shields
 + Level 6.4 Unarmed Combat
 + Level 8.2 Spellcasting
 + Level 5.3 Conjurations
 + Level 5.3 Hexes
 + Level 7.7 Charms
 + Level 5.3 Summonings
 + Level 5.3 Necromancy
 + Level 5.3 Translocations
 + Level 5.3 Transmutations
 + Level 5.3 Fire Magic
 + Level 5.3 Ice Magic
 + Level 5.3 Air Magic
 + Level 5.3 Earth Magic
 + Level 5.3 Poison Magic
 + Level 7.0 Invocations
 + Level 6.4 Evocations


You had 13 spell levels left.
You knew the following spells:

 Your Spells              Type           Power        Failure   Level  Hunger
a - Infusion              Chrm           ####         1%          1    None
b - Song of Slaying       Chrm           #####...     1%          2    None
c - Shroud of Golubria    Chrm/Tloc      ####......   1%          2    None
d - Regeneration          Chrm/Necr      ####......   2%          3    None
e - Spectral Weapon       Hex/Chrm       ####....     2%          3    None
f - Swiftness             Chrm/Air       ####....     1%          2    None

Your spell library contained the following spells:

 Spells                   Type           Power        Failure   Level  Hunger
 Shock                    Conj/Air       ####         1%          1    None
 Static Discharge         Conj/Air       ####....     3%          3    None
 Airstrike                Air            ####......   12%         4    ###....
 Lightning Bolt           Conj/Air       ####......   34%         5    #####..


Dungeon Overview and Level Annotations

Branches:
Dungeon (10/15)            Temple (0/1) D:4            Lair (2/6) D:9
  Swamp: Lair:2-4    Shoals: Lair:2-4     Snake: Lair:2-4    Spider: Lair:2-4
    Orc: D:9-12

Altars:
Elyvilon
Fedhas
Makhleb
Nemelex Xobeh
Okawaru
Sif Muna
Trog
Uskayaw
Xom
Yredelemnul

Shops:
D:5 !:

Annotations:
D:9 1 runed translucent door, Aske's ghost, novice KoBe
D:10 Nergalle


Innate Abilities, Weirdness & Mutations

Your experience applies equally to all skills.
You have very sharp teeth.
Your uncanny sense of smell can sniff out nearby items.


Message History

You feel sick.
The black mamba bites you but does no damage.
You feel sick. The black mamba bites you!
You feel sick.
The porcupine bites the plant but does no damage.
The black mamba bites you but does no damage.
You feel sick. The black mamba bites you!
You feel much better. The wolf misses you.
The black mamba completely misses you. The wolf bites you.
You feel sick. The black mamba closely misses you.
A bullfrog comes into view.
The wolf bites you!
A demon appears!
You feel sick. The black mamba misses you. The wolf bites you!
* * * LOW HITPOINT WARNING * * *
The black mamba bites you.
* * * LOW HITPOINT WARNING * * *
The spiny frog barely misses you.
You feel sick. The wolf bites you but does no damage.
The black mamba bites you!
You die...

∆ #........#
#.#....P.# .###
#S.#...P## ....
#..P.F.##
#..####.....##
#####.#3.......P#
.......rS.F.....###
.......ShS........###
.......@#.....#....P##
####..........##.#..P#
#......#....#.....##
#..>.###P#.........#
#....# ####.......##
#....# ##.....P# ###
#....# ##...####
#.####.††## #.####
#.......<# ###


You could see a black mamba, 2 water moccasins, a wolf, 2 bullfrogs, a porcupine
and a friendly ynoxinul.

Vanquished Creatures
  2 two-headed ogres (D:10)
  4 spiny frogs
  A komodo dragon (Lair:1)
  Grinder (D:3)
  A hippogriff (Lair:1)
  13 yaks
  4 hogs (D:8)
  Grum (D:9)
  A human (D:8)
  An orc warrior (D:8)
  A water moccasin (Lair:1)
  An ice beast (D:7)
  5 porcupines
  4 sky beasts
  3 ogres (D:9)
  3 black bears
  5 phantoms
  7 wolves
  6 centaurs
  3 crocodiles (D:9)
  3 big kobolds
  4 bullfrogs
  2 scorpions
  A water moccasin skeleton (D:7)
  5 howler monkeys
  A crimson imp (D:8)
  A centaur zombie (D:10)
  2 bullfrog zombies
  A quasit (D:8)
  4 orc priests
  A hound (D:9)
  3 jellies
  3 orc wizards
  2 bullfrog skeletons
  2 iguanas (D:9)
  3 worker ants
  A worker ant zombie (D:8)
  9 adders
  A howler monkey skeleton (D:9)
  3 shadow imps
  4 oozes
  An adder skeleton (D:8)
  4 worms
  2 dart slugs
  5 leopard geckos
  16 orcs
  5 bats
  5 giant cockroaches
  9 goblins
  9 hobgoblins
  17 jackals
  3 quokkas
  A ball python (D:1)
  7 frilled lizards
  A jackal skeleton (D:7)
  22 kobolds
  A leopard gecko zombie (D:5)
  12 rats
243 creatures vanquished.

Vanquished Creatures (others)
  A plant (Lair:1)
  6 spectral weapons
7 creatures vanquished.

Grand Total: 250 creatures vanquished

Notes
Turn   | Place    | Note
-------+----------+-------------------------------------------
     0 | D:1      | esteth the Gnoll Skald began the quest for the Orb.
     0 | D:1      | Reached XP level 1. HP: 20/20 MP: 6/6
   101 | D:1      | Reached XP level 2. HP: 25/26 MP: 7/7
   181 | D:1      | Reached XP level 3. HP: 20/31 MP: 9/9
   189 | D:1      | Reached skill level 5 in Spellcasting
   339 | D:1      | Learned a level 2 spell: Song of Slaying
   342 | D:1      | Learned a level 2 spell: Shroud of Golubria
   346 | D:1      | Learned a level 3 spell: Regeneration
   350 | D:1      | Learned a level 3 spell: Spectral Weapon
   705 | D:1      | Reached skill level 1 in Invocations
   910 | D:2      | Reached skill level 1 in Short Blades
   910 | D:2      | Reached skill level 1 in Long Blades
   910 | D:2      | Reached skill level 1 in Axes
   910 | D:2      | Reached skill level 1 in Maces & Flails
   910 | D:2      | Reached skill level 1 in Staves
   910 | D:2      | Reached skill level 1 in Slings
   910 | D:2      | Reached skill level 1 in Bows
   910 | D:2      | Reached skill level 1 in Crossbows
   910 | D:2      | Reached skill level 1 in Throwing
   910 | D:2      | Reached skill level 1 in Stealth
   910 | D:2      | Reached skill level 1 in Shields
   910 | D:2      | Reached skill level 1 in Unarmed Combat
   910 | D:2      | Reached skill level 1 in Evocations
   991 | D:2      | Found a sparkling altar of Nemelex Xobeh.
  1057 | D:2      | Found a faded altar of an unknown god.
  1093 | D:2      | Reached XP level 4. HP: 38/38 MP: 11/11
  1134 | D:2      | Found a blossoming altar of Fedhas.
  1241 | D:2      | Reached skill level 1 in Conjurations
  1241 | D:2      | Reached skill level 1 in Hexes
  1241 | D:2      | Reached skill level 1 in Summonings
  1241 | D:2      | Reached skill level 1 in Necromancy
  1241 | D:2      | Reached skill level 1 in Translocations
  1241 | D:2      | Reached skill level 1 in Transmutations
  1241 | D:2      | Reached skill level 1 in Fire Magic
  1241 | D:2      | Reached skill level 1 in Ice Magic
  1241 | D:2      | Reached skill level 1 in Air Magic
  1241 | D:2      | Reached skill level 1 in Earth Magic
  1241 | D:2      | Reached skill level 1 in Poison Magic
  1309 | D:2      | Reached XP level 5. HP: 35/43 MP: 10/12
  1518 | D:2      | Found a basalt altar of Yredelemnul.
  1519 | D:2      | Found a burning altar of Makhleb.
  1529 | D:2      | Became a worshipper of Makhleb the Destroyer
  1748 | D:3      | Found a white marble altar of Elyvilon.
  2370 | D:3      | Noticed Grinder
  2395 | D:3      | Killed Grinder
  2395 | D:3      | Reached skill level 5 in Fighting
  2395 | D:3      | Reached skill level 5 in Polearms
  2395 | D:3      | Reached skill level 5 in Dodging
  2395 | D:3      | Reached XP level 6. HP: 30/51 MP: 8/14
  2634 | D:3      | Reached * piety under Makhleb
  2979 | D:4      | Noticed a phantom
  3003 | D:4      | Killed a phantom
  3003 | D:4      | Reached XP level 7. HP: 55/56 MP: 6/15
  3363 | D:4      | Found a hide-covered altar of Uskayaw.
  3404 | D:4      | Found a staircase to the Ecumenical Temple.
  3621 | D:5      | Entered Level 5 of the Dungeon
  3624 | D:5      | Found Ufoosh Fung's Book Shop.
  3974 | D:5      | Reached XP level 8. HP: 35/63 MP: 5/16
  4159 | D:5      | Reached ** piety under Makhleb
  4491 | D:5      | Found Kozoq's Distillery.
  5191 | D:6      | Found a bloodstained altar of Trog.
  5389 | D:6      | Found a deep blue altar of Sif Muna.
  6237 | D:7      | Reached XP level 9. HP: 69/69 MP: 15/18
  6383 | D:7      | Learned a level 2 spell: Swiftness
  7035 | D:7      | Found an iron altar of Okawaru.
  7282 | D:8      | Reached *** piety under Makhleb
  7282 | D:8      | Reached skill level 5 in Armour
  7714 | D:8      | Reached skill level 5 in Invocations
  7723 | D:8      | Reached XP level 10. HP: 39/77 MP: 15/20
  7967 | D:8      | Found a shimmering altar of Xom.
  8378 | D:9      | Reached skill level 5 in Short Blades
  8378 | D:9      | Reached skill level 5 in Long Blades
  8378 | D:9      | Reached skill level 5 in Axes
  8378 | D:9      | Reached skill level 5 in Maces & Flails
  8378 | D:9      | Reached skill level 5 in Staves
  8378 | D:9      | Reached skill level 5 in Slings
  8378 | D:9      | Reached skill level 5 in Bows
  8378 | D:9      | Reached skill level 5 in Crossbows
  8378 | D:9      | Reached skill level 5 in Throwing
  8378 | D:9      | Reached skill level 5 in Stealth
  8378 | D:9      | Reached skill level 5 in Shields
  8378 | D:9      | Reached skill level 5 in Unarmed Combat
  8378 | D:9      | Reached skill level 5 in Evocations
  8653 | D:9      | Noticed Grum
  8676 | D:9      | Killed Grum
  8676 | D:9      | Reached **** piety under Makhleb
  8977 | D:9      | Found a staircase to the Lair.
  9011 | D:9      | Found a runed translucent door.
  9015 | D:9      | Noticed Aske's ghost (novice KoBe)
  9220 | D:10     | Entered Level 10 of the Dungeon
  9234 | D:10     | Noticed a two-headed ogre
  9243 | D:10     | Killed a two-headed ogre
  9709 | D:10     | Noticed a two-headed ogre
  9718 | D:10     | Killed a two-headed ogre
  9718 | D:10     | Reached XP level 11. HP: 63/84 MP: 14/22
  9913 | D:10     | Noticed Nergalle
  9973 | Lair:1   | Entered Level 1 of the Lair of Beasts
 10041 | Lair:1   | Reached skill level 5 in Conjurations
 10041 | Lair:1   | Reached skill level 5 in Hexes
 10041 | Lair:1   | Reached skill level 5 in Summonings
 10041 | Lair:1   | Reached skill level 5 in Necromancy
 10041 | Lair:1   | Reached skill level 5 in Translocations
 10041 | Lair:1   | Reached skill level 5 in Transmutations
 10041 | Lair:1   | Reached skill level 5 in Fire Magic
 10041 | Lair:1   | Reached skill level 5 in Ice Magic
 10041 | Lair:1   | Reached skill level 5 in Air Magic
 10041 | Lair:1   | Reached skill level 5 in Earth Magic
 10041 | Lair:1   | Reached skill level 5 in Poison Magic
 11651 | Lair:2   | Slain by a black mamba

Skill      XL: |  1  2  3  4  5  6  7  8  9 10 11 |
---------------+----------------------------------+-----
Spellcasting   | 5 6 7 8 |  8.2
Invocations    | 1 2 3 4 5 6 7 |  7.0
Short Blades   | 1 2 3 4 5 6 |  6.4
Long Blades    | 1 2 3 4 5 6 |  6.4
Axes           | 1 2 3 4 5 6 |  6.4
Maces & Flails | 1 2 3 4 5 6 |  6.4
Staves         | 1 2 3 4 5 6 |  6.4
Slings         | 1 2 3 4 5 6 |  6.4
Bows           | 1 2 3 4 5 6 |  6.4
Crossbows      | 1 2 3 4 5 6 |  6.4
Throwing       | 1 2 3 4 5 6 |  6.4
Stealth        | 1 2 3 4 5 6 |  6.4
Shields        | 1 2 3 4 5 6 |  6.4
Unarmed Combat | 1 2 3 4 5 6 |  6.4
Evocations     | 1 2 3 4 5 6 |  6.4
Conjurations   | 1 2 3 4 5 |  5.3
Hexes          | 1 2 3 4 5 |  5.3
Summonings     | 1 2 3 4 5 |  5.3
Necromancy     | 1 2 3 4 5 |  5.3
Translocations | 1 2 3 4 5 |  5.3
Transmutations | 1 2 3 4 5 |  5.3
Fire Magic     | 1 2 3 4 5 |  5.3
Ice Magic      | 1 2 3 4 5 |  5.3
Air Magic      | 1 2 3 4 5 |  5.3
Earth Magic    | 1 2 3 4 5 |  5.3
Poison Magic   | 1 2 3 4 5 |  5.3
Armour         | 3 4 5 6 7 |  7.0
Fighting       | 5 6 7 8 |  8.0
Polearms       | 5 6 7 8 |  8.0
Dodging        | 5 6 7 8 |  8.0
Charms         | 6 7 |  7.7

Action                   |  1- 3 |  4- 6 |  7- 9 | 10-12 || total
-------------------------+-------+-------+-------+-------++-------
Melee: Spear             |   136 |   247 |   445 |       ||   828
       Bite              |    13 |    19 |    63 |    53 ||   148
       Punch             |       |     1 |     7 |    11 ||    19
       Trident           |       |       |   105 |   419 ||   524
 Cast: Regeneration      |       |     4 |    18 |    12 ||    34
       Spectral Weapon   |       |     4 |    21 |    26 ||    51
       Shroud of Golubri |       |     2 |    21 |    28 ||    51
       Song of Slaying   |       |     1 |     3 |     3 ||     7
       Infusion          |       |       |     2 |       ||     2
       Swiftness         |       |       |     1 |       ||     1
Invok: Minor Destruction |       |       |     1 |       ||     1
       Lesser Servant of |       |       |       |     1 ||     1
  Use: Potion            |     1 |       |     2 |     1 ||     4
       Scroll            |       |       |    14 |     6 ||    20
 Stab: Sleeping          |     3 |     6 |    11 |     9 ||    29
       Distracted        |       |     3 |     2 |     3 ||     8
  Eat: Chunk             |       |     8 |    11 |    13 ||    32
       Ration            |       |       |     2 |       ||     2
Armor: Leather armour    |    12 |    33 |    97 |    92 ||   234
Dodge: Dodged            |    79 |   122 |   327 |   252 ||   780
